 Dungeon Crawl Stone Soup version 0.25-a0-667-gb977e01cb5 (webtiles) character file.

Game seed: 5533877256445179472, levelgen mode: deterministic

72 ReteAZ the Skirmisher (level 4, -5/40 HPs)
             Began as a Ghoul Fighter on Mar 27, 2020.
             Slain by Sigmund
             ... wielding a +0 scythe
              (9 damage)
             ... on level 3 of the Dungeon.
             The game lasted 00:01:14 (1773 turns).

ReteAZ the Skirmisher (Ghoul Fighter)               Turns: 1773, Time: 00:01:14

Health: -5/40      AC: 10    Str: 19    XL:     4   Next: 25%
Magic:  3/3        EV:  7    Int:  4    God:
Gold:   154        SH:  8    Dex:  8    Spells: 3/3 levels left

rFire    . . .     SeeInvis .     - Unarmed
rCold    + . .     Gourm    .   b - +0 kite shield
rNeg     + + +     Faith    .   a - +0 scale mail
rPois    ∞         Spirit   .   k - +0 helmet
rElec    .         Reflect  .   (no cloak)
rCorr    .         Harm     .   e - +1 pair of gloves
MR       .....                  (no boots)
Stlth    ..........             (no amulet)
HPRegen  0.00/turn              (no ring)
MPRegen  0.08/turn              (no ring)

@: rotting
A: rotting body, claws 1, carnivore, cold resistance 1, negative energy
resistance 3, inhibited regeneration, torment resistance, unbreathing
a: no special abilities


You were on level 3 of the Dungeon.
You were not hungry.

You visited 1 branch of the dungeon, and saw 3 of its levels.

You collected 154 gold pieces.

Inventory:

Armour
 a - a +0 scale mail (worn)
 b - a +0 kite shield (worn)
 e - a +1 pair of gloves (worn)
 k - a +0 helmet (worn)
Jewellery
 l - an uncursed amulet of the gourmand {unknown}
 n - a cursed ring of teleportation {unknown}
Scrolls
 h - 2 scrolls of teleportation {unknown}
 j - a scroll of fear {unknown}
 o - 2 scrolls of remove curse {unknown}
Potions
 c - a potion of might
 f - a potion of resistance {unknown}
 g - 5 potions of curing {unknown}
 i - a potion of heal wounds {unknown}
 m - a potion of stabbing {unknown}
Comestibles
 d - 4 rations


   Skills:
 + Level 3.7 Fighting
 + Level 3.1 Armour
 + Level 3.1 Shields
 * Level 3.4 Unarmed Combat


You had 3 spell levels left.
You didn't know any spells.
Your spell library was empty.

Dungeon Overview and Level Annotations

Branches:
Dungeon (3/15)

Altars:
Ashenzari
Hepliaklqana
Nemelex Xobeh
Ru
Sif Muna

Annotations:
D:3 Sigmund


Innate Abilities, Weirdness & Mutations

Your body is rotting away.
You thrive on raw meat.
You are immune to poison.
You have sharp fingernails.
You are carnivorous and can eat meat at any time.
Your flesh is cold resistant. (rC+)
You are immune to negative energy. (rN+++)
You do not regenerate when monsters are visible.
You are immune to unholy pain and torment.
You can survive without breathing.


Message History

You closely miss something. Something hits you.
You miss something. You miss something. Something hits you but does no damage.
You hit something. Something hits you.
You miss something. You hit something but do no damage.
Something hits you but does no damage.
You closely miss something.
You hear some strange, mumbled words.
A magic dart appears from out of thin air!
The magic dart hits you.
You completely miss something. Something hits you.
* * * LOW HITPOINT WARNING * * *
You closely miss something. Something hits you but does no damage.
You completely miss something. You miss something.
Something hits you but does no damage.
You miss something. Something hits you!
* * * LOW HITPOINT WARNING * * *
You closely miss something. You closely miss something. Something hits you!
You die...

...................
......)..#.......#.
...............<..
.#....#..#.......
.###.##.......... ####.
................ ......
...............###......
........................
....)...........@{......
........................
.........(............#.
.......................☼
......#.###.....(.....#.
.####.#...............#
.####.#.###...........#
........###...........#
......................


There were no monsters in sight!

Vanquished Creatures
  A hound (D:3)
  An ooze (D:1)
  A worm (D:2)
  A dart slug (D:1)
  2 leopard geckos
  5 bats
  3 giant cockroaches
  8 goblins
  3 hobgoblins (D:1)
  2 ball pythons
  A kobold (D:3)
  4 rats
32 creatures vanquished.

Vanquished Creatures (others)
  A hobgoblin (D:3)
1 creature vanquished.

Grand Total: 33 creatures vanquished

Notes
Turn   | Place    | Note
-------+----------+-------------------------------------------
     0 | D:1      | ReteAZ the Ghoul Fighter began the quest for the Orb.
     0 | D:1      | Reached XP level 1. HP: 19/19 MP: 0/0
   176 | D:1      | Reached XP level 2. HP: 26/26 MP: 1/1
   516 | D:1      | Reached XP level 3. HP: 31/31 MP: 2/2
   789 | D:2      | Found a shattered altar of Ashenzari.
  1582 | D:3      | Found a sacrificial altar of Ru.
  1583 | D:3      | Found a hazy altar of Hepliaklqana.
  1583 | D:3      | Found a shimmering blue altar of Sif Muna.
  1596 | D:3      | Found a sparkling altar of Nemelex Xobeh.
  1653 | D:3      | Reached XP level 4. HP: 40/40 MP: 3/3
  1744 | D:3      | Noticed Sigmund
  1773 | D:3      | Slain by Sigmund

Levels and vault maps discovered:
D:1:      dpeg_arrival_castle, layout_basic, supply_closet_lemuel
D:2:      layout_loops_corners, nicolae_overflow_crystal_walls, first_ration
D:3:      layout_basic, fiery_altar_vehumet,
          chequers_temple_overflow_statue_of_worship, uniq_sigmund,
          uniq_grinder, uniq_terence, uniq_robin

Skill      XL: |  1  2  3 |
---------------+----------+-----
Unarmed Combat | 3 |  3.4
Shields        | 3 |  3.1
Armour         | 3 |  3.1
Fighting       | |  3.7

Action                   |  1- 3 |  4- 6 || total
-------------------------+-------+-------++-------
Melee: Unarmed           |   149 |    28 ||   177
  Eat: Chunk             |     6 |       ||     6
Armor: Scale mail        |    74 |     6 ||    80
Dodge: Dodged            |    36 |     1 ||    37
Block: Kite shield       |    70 |     5 ||    75

Table legend:
 A = Non-vault XP
 B = Vault XP
 C = Vault XP percentage of total XP
 D = Non-vault monster count
 E = Vault monster count
 F = Vault count percentage of total count
                 A         B        C        D         E       F
            +---------+---------+-------+---------+---------+-------
      Total |     103 |       0 |   0.0 |      32 |       0 |   0.0
            +---------+---------+-------+---------+---------+-------
        D:1 |      41 |       0 |   0.0 |      19 |       0 |   0.0
        D:2 |      17 |       0 |   0.0 |       8 |       0 |   0.0
        D:3 |      45 |       0 |   0.0 |       5 |       0 |   0.0
            +---------+---------+-------+---------+---------+-------
